 Dungeon Crawl Stone Soup version 0.26-b1-32-g5d43845318 (webtiles) character file.

Game seed: 15909212272611660931

439 MTVSty1e the Chopper (level 7, -2/44 HPs)
             Began as a Gargoyle Fighter on Jan 9, 2021.
             Slain by an orc warrior
             ... wielding a +0 halberd
              (18 damage)
             ... on level 6 of the Dungeon.
             The game lasted 00:04:49 (5334 turns).

MTVSty1e the Chopper (Gargoyle Fighter)             Turns: 5334, Time: 00:04:50

Health: -2/44      AC: 12    Str: 21    XL:     7   Next: 1%
Magic:  16/16      EV:  7    Int:  9    God:
Gold:   273        SH:  9    Dex:  9    Spells: 6/6 levels left

rFire    . . .     SeeInvis .   a - +0 war axe
rCold    . . .     Faith    .   c - +0 kite shield
rNeg     + + .     Spirit   .   b - +0 scale mail
rPois    ∞         Reflect  .   (no helmet)
rElec    +         Harm     .   (no cloak)
rCorr    .         Rampage  .   (no gloves)
Will     .....                  i - +0 pair of boots
Stlth    ..........             (no amulet)
HPRegen  0.14/turn              z - ring of positive energy
MPRegen  0.15/turn              s - ring of magical power

@: mighty
A: negative energy resistance 1, electricity resistance, unbreathing,
petrification resistance, miasma immunity, AC +4
a: no special abilities


You were on level 6 of the Dungeon.
You visited 1 branch of the dungeon, and saw 6 of its levels.

You collected 273 gold pieces.

Inventory:

Hand Weapons
 a - a +0 war axe (weapon)
Armour
 b - a +0 scale mail (worn)
 c - a +0 kite shield (worn)
 i - a +0 pair of boots (worn)
 p - a +0 tower shield
Jewellery
 h - an uncursed ring of ice
 s - a ring of magical power (right hand)
 z - a ring of positive energy (left hand)
Wands
 o - a wand of polymorph (11)
Scrolls
 f - 6 scrolls of remove curse {unknown}
 l - 4 scrolls of identify {unknown}
 m - 3 scrolls of fear {unknown}
 n - a scroll of random uselessness {unknown}
 q - 3 scrolls of teleportation
 u - a scroll of enchant weapon {unknown}
 v - a scroll of enchant armour {unknown}
 y - 2 scrolls of fog {unknown}
 A - a scroll of vulnerability {unknown}
Potions
 e - 2 potions of magic {unknown}
 g - a potion of heal wounds {unknown}
 j - 2 potions of haste {unknown}
 k - a potion of flight {unknown}
 r - a potion of lignification {unknown}
 t - a potion of curing {unknown}
 w - a potion of attraction {unknown}
 x - 2 potions of cancellation {unknown}
 B - a potion of ambrosia {unknown}


   Skills:
 + Level 4.5 Fighting
 * Level 6.1 Axes
 - Level 3.2 Armour
 - Level 3.2 Shields


You had 6 spell levels left.
You didn't know any spells.
Your spell library was empty.

Dungeon Overview and Level Annotations

Branches:
Dungeon (6/15)
 Temple: D:4-7

Altars:
Ashenzari
Elyvilon
Gozag
Kikubaaqudgha
Trog

Portals:
Abyss: D:6

Annotations:
D:6 2 transporters, MajorAdolf's ghost, novice NaWn


Innate Abilities, Weirdness & Mutations

You are resistant to torment.
Your stone body is resilient. (AC +4)
You are immune to poison.
You resist negative energy. (rN+)
You are resistant to electric shocks. (rElec)
You can survive without breathing.
You are immune to petrification.
You are immune to miasma.


Message History

You are too injured to fight recklessly!
You are too injured to fight recklessly!
You are too injured to fight recklessly!
You are too injured to fight recklessly!
You are too injured to fight recklessly!
You are too injured to fight recklessly!
You are too injured to fight recklessly!
You are too injured to fight recklessly!
You are too injured to fight recklessly!
You are too injured to fight recklessly!
You are too injured to fight recklessly!
You are too injured to fight recklessly!
You are too injured to fight recklessly!
Unknown command.
You feel very mighty all of a sudden.
A bullfrog comes into view.
You block the orc warrior's attack.
You closely miss the orc warrior.
The orc warrior hits you with a +0 halberd!!
You die...

####......###
#..........##
#.....####...
#..####..##..
#.©#3.5x..#©#
#..#####.?### ##...#####
5©.
###########........##.##
.....oo@?...#.......#.##
.....o#######..###..##..
..... ..##=# ..#$# ....
#.## .. .##o. ... ..
.###.# .. ##. ^∩...## .
.. ....^ ... # #.#


You could see an orc warrior, an orc priest and an orc.

Vanquished Creatures
  A scorpion (D:6)
  An orc priest (D:4)
  An orc wizard (D:4)
  A centaur skeleton (D:4)
  An iguana (D:6)
  A worker ant (D:4)
  6 gnolls
  6 adders
  2 shadow imps (D:5)
  A white imp (D:5)
  An ooze (D:2)
  6 worms
  3 dart slugs
  2 leopard geckos
  3 orcs
  9 bats
  2 bat zombies (D:4)
  5 giant cockroaches
  8 goblins
  A hobgoblin (D:1)
  3 jackals (D:1)
  7 quokkas
  5 ball pythons
  3 frilled lizards
  11 kobolds
  9 rats
99 creatures vanquished.

Vanquished Creatures (others)
  22 plants (D:4)
22 creatures vanquished.

Grand Total: 121 creatures vanquished

Notes
Turn   | Place    | Note
-------+----------+-------------------------------------------
     0 | D:1      | MTVSty1e the Gargoyle Fighter began the quest for the Orb.
     0 | D:1      | Reached XP level 1. HP: 14/14 MP: 1/1
    18 | D:1      | Reached skill level 2 in Axes
    62 | D:1      | Reached XP level 2. HP: 19/19 MP: 2/2
   192 | D:1      | Reached skill level 3 in Axes
   230 | D:1      | Reached XP level 3. HP: 23/23 MP: 3/3
   657 | D:2      | Reached XP level 4. HP: 28/28 MP: 4/4
   706 | D:2      | Found a white marble altar of Elyvilon.
   721 | D:2      | Reached skill level 4 in Axes
  1207 | D:3      | Reached XP level 5. HP: 30/32 MP: 5/5
  2404 | D:4      | Found an opulent altar of Gozag.
  2444 | D:4      | Found an ancient bone altar of Kikubaaqudgha.
  2546 | D:4      | Reached skill level 5 in Axes
  2889 | D:4      | Reached XP level 6. HP: 10/38 MP: 6/6
  3435 | D:4      | Identified the cursed +1 robe of Failure {Str+5}
  3664 | D:4      | Noticed a moth of wrath
  3667 | D:4      | Found a bloodstained altar of Trog.
  3848 | D:5      | Entered Level 5 of the Dungeon
  5043 | D:6      | Reached skill level 6 in Axes
  5180 | D:6      | Reached XP level 7. HP: 34/44 MP: 7/7
  5276 | D:6      | Found a broken altar of Ashenzari.
  5298 | D:6      | Identified the +9 whip of Tomorrow {distort, +Inv Str-2
                  | Int-4 Stlth+}
  5303 | D:6      | Found a transporter.
  5307 | D:6      | Found a transporter.
  5310 | D:6      | Noticed MajorAdolf's ghost (novice NaWn)
  5310 | D:6      | Noticed a sun demon
  5323 | D:6      | Found a one-way gate to the infinite horrors of the Abyss.
  5334 | D:6      | Slain by an orc warrior

Illustrated notes

Levels and vault maps discovered:
D:1:      dpeg_arrival_solitude, layout_rooms, minmay_misc_feat_more_columns
D:2:      layout_rooms, lemuel_doored_altar, chequers_mini_garden,
          chequers_serial_rivers_large_b
D:3:      layout_loops_corners, kennysheep_flooded_box
D:4:      wad_woods_tower, layout_basic, grunt_gozag_statues, tgw_trog,
          lemuel_zombie_altar_kikubaaqudgha
D:5:      wander_river, layout_layer_cave
D:6:      layout_rooms, kennysheep_mini, lemuel_crystal_altar, zin_statuary,
          minmay_temple_entry_sparse_star, gammafunk_ghost_abyssal_escape

Skill      XL: |  1  2  3  4  5  6 |
---------------+-------------------+-----
Axes           | 2 3 4 5 6 |  6.1
Fighting       | 4 |  4.5
Armour         | |  3.2
Shields        | |  3.2

Action                   |  1- 3 |  4- 6 |  7- 9 || total
-------------------------+-------+-------+-------++-------
Melee: War axe           |    97 |   226 |     5 ||   328
  Use: Potion            |       |       |     1 ||     1
Armor: Scale mail        |    65 |   120 |     1 ||   186
Dodge: Dodged            |    41 |    80 |       ||   121
Block: Kite shield       |    59 |   114 |     1 ||   174
